 Dungeon Crawl Stone Soup version 0.20-a0-264-gaba7314 (webtiles) character file.

45410 sinon the Fighter (level 14, -6/133 HPs)
             Began as a Ghoul Monk on Nov 22, 2016.
             Was the Champion of Ieoh Jian.
             Killed from afar by an orc sorcerer (33 damage)
             ... with a bolt of fire
             ... on level 13 of the Dungeon on Dec 5, 2016.
             The game lasted 04:32:32 (19391 turns).

sinon the Fighter (Ghoul Monk)                     Turns: 19391, Time: 04:32:32

Health: -6/133     AC: 17    Str: 18    XL:     14   Next: 33%
Magic:  16/16      EV: 20    Int:  6    God:    Ieoh Jian [******]
Gold:   1061       SH:  0    Dex: 12    Spells: 12/13 levels left

rFire  . . .     SeeInvis .     G - +0 battleaxe (venom)
rCold  + + .     Gourm    .     A - +4 scale mail
rNeg   + + +     Faith    .     (shield currently unavailable)
rPois  ∞         Spirit   .     (no helmet)
rElec  +         Reflect  .     S - +1 cloak of Starlight {rElec rC+ EV+4 Stlth--}
rCorr  .         Harm     .     (no gloves)
MR     +....                    f - +0 pair of boots
Stlth  ..........               V - amulet of regeneration
                                T - ring of wizardry
                                x - +5 ring of evasion

@: being watched over by the Council, rotting
A: rotting body, claws 1, carnivore 3, cold resistance 1, negative energy
resistance 3, slow regeneration 1, torment resistance, unbreathing
a: Project Weapon, Recall Weapon, Renounce Religion, Steal And Renounce


You were on level 13 of the Dungeon.
You worshipped Ieoh Jian.
Ieoh Jian was exalted by your worship.
You were not hungry.

You visited 3 branches of the dungeon, and saw 20 of its levels.
You also visited: Sewer.

You collected 1061 gold pieces.

Inventory:

Hand Weapons
 e - a +1 broad axe
 G - a +0 battleaxe of venom (weapon)
Missiles
 n - 3 steel tomahawks
 v - 3 throwing nets
 M - 6 tomahawks (quivered)
Armour
 f - a +0 pair of boots (worn)
 A - a +4 scale mail (worn)
 B - a +1 chain mail of fire resistance
 S - the +1 cloak of Starlight (worn) {rElec rC+ EV+4 Stlth--}
   (You found it on level 12 of the Dungeon)

   It affects your evasion (+4).
   It protects you from cold.
   It insulates you from electricity.
   It makes you much less stealthy.
Jewellery
 x - a +5 ring of evasion (left claw)
 z - a +2 ring of protection
 C - an uncursed ring of protection from magic
 T - a ring of wizardry (right claw)
 V - an amulet of regeneration (around neck)
 W - the ring of Virtue {Str+2 SInv}
   (You found it on level 1 of the Lair of Beasts)

   [ring of strength]

   It affects your strength (+2).
   It lets you see invisible.
Wands
 F - a wand of flame (43/48)
 I - a wand of teleportation (6/9)
 K - a wand of acid (0/15)
 X - a wand of iceblast (9/15)
Scrolls
 c - a scroll of silence
 i - a scroll of vulnerability {unknown}
 j - 2 scrolls of magic mapping
 l - 2 scrolls of fog
 m - 8 scrolls of remove curse
 r - 4 scrolls of enchant armour
 y - 3 scrolls of teleportation
 L - a scroll of summoning {unknown}
 N - 4 scrolls of amnesia
 O - 4 scrolls of enchant weapon
 Q - a scroll of recharging
 R - a scroll of blinking
 U - a scroll of fear {unknown}
Potions
 g - 9 potions of curing {unknown}
 h - 5 potions of heal wounds
 o - 3 potions of lignification {unknown}
 p - 2 potions of ambrosia
 s - 5 potions of flight
 u - 3 potions of magic
 w - a potion of cancellation
 D - 3 potions of agility
 H - a potion of brilliance
 J - 3 potions of resistance
 Z - 5 potions of might
Books
 a - a book of Frost

   Spells                             Type                      Level
   a - Freeze                         Ice                          1
   b - Throw Frost                    Conjuration/Ice              2
   c - Ozocubu's Armour               Charms/Ice                   3
   d - Throw Icicle                   Conjuration/Ice              4
   e - Summon Ice Beast               Ice/Summoning                4
 d - a book of Fire

   Spells                             Type                      Level
   a - Ignite Poison                  Fire/Transmutation/Poison    3
   b - Fireball                       Conjuration/Fire             5
   c - Bolt of Fire                   Conjuration/Fire             6
   d - Delayed Fireball               Conjuration/Fire             7
   e - Ring of Flames                 Charms/Fire                  7
 t - Sif Muna's Tome of Enchantment
   (You found it on level 7 of the Dungeon)

   Spells                             Type                      Level
   a - Ensorcelled Hibernation        Hexes/Ice                    2
   b - Spectral Weapon                Hexes/Charms                 3
   c - Yara's Violent Unravelling     Hexes/Transmutation          5
   d - Discord                        Hexes                        8
 P - a book of Enchantments

   Spells                             Type                      Level
   a - Cause Fear                     Hexes                        4
   b - Yara's Violent Unravelling     Hexes/Transmutation          5
   c - Silence                        Hexes/Air                    5
   d - Deflect Missiles               Charms/Air                   6
   e - Discord                        Hexes                        8
 Y - a book of Air

   Spells                             Type                      Level
   a - Shock                          Conjuration/Air              1
   b - Swiftness                      Charms/Air                   2
   c - Repel Missiles                 Charms/Air                   2
   d - Static Discharge               Conjuration/Air              3
   e - Lightning Bolt                 Conjuration/Air              5
Miscellaneous
 k - a phantom mirror
Comestibles
 b - 3 meat rations
 E - 3 beef jerkies


   Skills:
 + Level 14.5 Fighting
 - Level 12.8(14.5) Axes
 - Level 12.9 Armour
 - Level 2.6 Dodging
 - Level 2.1 Stealth
 - Level 10.1(16.2) Unarmed Combat
 - Level 3.0 Hexes
 * Level 4.8 Invocations


You had 12 spell levels left.
You knew the following spells:

 Your Spells              Type           Power        Failure   Level  Hunger
a - Confusing Touch       Hex            #.....       14%         1    ##.....


Dungeon Overview and Level Annotations

Branches:
Dungeon (13/15)            Temple (1/1) D:5            Lair (6/6) D:10
  Swamp (0/4) Lair:3       Spider (0/4) Lair:2        Slime (0/5) Lair:5
    Orc (0/2) D:10
 Vaults: D:13-14

Altars:
Cheibriados
Dithmenos
Elyvilon
Gozag
Hepliaklqana Ieoh Jian
Kikubaaqudgha
Makhleb
Nemelex Xobeh
Okawaru
Qazlal
Sif Muna
Uskayaw
Vehumet
Xom
Yredelemnul
Zin
The Shining One
Beogh
Jiyva

Shops:
D:3 *   D:4 *   D:13 }


Innate Abilities, Weirdness & Mutations

Your body is rotting away.
You thrive on raw meat.
You are immune to poison.
You have sharp fingernails.
You are carnivorous and can eat meat at any time.
Your flesh is cold resistant. (rC+)
You are immune to negative energy. (rN+++)
You regenerate slowly when monsters are visible.
You are immune to unholy pain and torment.
You can survive without breathing.


Message History

You hit the ice devil but do no damage.
The ice devil is poisoned.
The vault guard hits you with a battleaxe!
The vault guard hits your +5 glaive of chopping with a battleaxe!
The +5 glaive of chopping shatters and reforms elsewhere!
The sun demon misses you. The orc sorcerer barely misses you.
The ice devil completely misses you.
Okay, then.
Unknown command.
You barely miss the orc sorcerer.
The orc sorcerer is almost dead.
Your scale mail prevents you from hitting the ice devil.
You closely miss the sun demon. You slash the vault guard!
The vault guard looks as sick as possible!
The sun demon hits you!
* * * LOW HITPOINT WARNING * * *
You are engulfed in flames!
* * * LOW HITPOINT WARNING * * *
The orc sorcerer points at you and mumbles some strange words.
The bolt of fire hits you!
You die...

##).# #### #...# ####..##
###############
####.....########........#....#
#.....(.......................#
...........≈≈≈≈.(...≈≈≈≈......##
..........≈≈≈≈≈≈...≈≈≈≈≈≈......#
.........≈≈≈≈≈≈{.3.)≈≈≈≈≈≈.....##
.........≈≈≈≈≈≈§@4{≈≈≈≈≈≈≈....(.#
........###..###po'###..###.[....
........##...# #)..# . #......
........##...# #...# #.....#
........##[ # #...# #>.....
.......## #.#.# #...... .....###
..... #...... ..#### ......
#....## ### ....... ######


You could see a vault guard, a sun demon, an ice devil, an orc sorcerer and 2
friendly +5 daggers of electrocution.

Vanquished Creatures
  Nessos (Lair:5)
  The ghost of Whaleporn the Unseen, a journeyman SpAs of Ieoh Jian (Lair:6)
  Erolcha (D:9)
  A vault guard (D:13)
  Harold (D:12)
  A catoblepas (Lair:6)
  6 hydras
  An ogre mage (D:13)
  Erica (D:11)
  3 death yaks (Lair:6)
  A deep troll shaman (Lair:6)
  A lindwurm (Lair:6)
  A hill giant (D:10)
  An orc knight (D:12)
  3 ugly things
  8 elephants
  4 black mambas
  9 spiny frogs
  A centaur skeleton (D:13)
  2 gargoyles
  A komodo dragon (Lair:5)
  A kobold demonologist (D:11)
  2 rime drakes
  A troll (D:11)
  3 polar bears (Lair:6)
  Prince Ribbit (D:6)
  14 blink frogs
  8 hippogriffs
  A wraith (D:11)
  4 wyverns
  2 redbacks (Lair:2)
  24 yaks
  4 basilisks
  3 hungry ghosts
  4 vampire mosquitoes
  A soldier ant (D:13)
  3 swamp worms (Lair:3)
  14 water moccasins
  The ghost of wazuzu the Cutter, an amateur VSMo (D:3)
  13 orc warriors
  11 porcupines
  A hornet zombie (D:13)
  4 flying weapons
  4 phantoms
  6 black bears
  6 ice beasts
  6 sky beasts
  5 ogres
  14 wolves
  2 centaurs
  16 crocodiles
  8 big kobolds
  8 bullfrogs
  A gnoll sergeant (D:8)
  A wyvern skeleton (D:13)
  4 scorpions
  4 killer bees (D:10)
  3 electric eels
  A howler monkey (D:9)
  5 crimson imps
  2 bullfrog zombies (D:5)
  3 centaur zombies
  2 quasits
  14 orc priests
  10 hounds
  A bullfrog skeleton (D:8)
  2 jellies
  Crazy Yiuf (D:4)
  6 iguanas
  18 orc wizards
  9 worker ants
  A hound zombie (D:7)
  5 worker ant zombies
  3 gnolls
  4 river rats (Sewer)
  13 adders
  A howler monkey zombie (D:5)
  A shadow imp (D:13)
  3 oozes (Sewer)
  2 worms
  4 dart slugs
  4 leopard geckos
  78 orcs
  7 giant cockroaches
  6 goblins
  7 hobgoblins
  A jackal (D:5)
  27 kobolds
  8 quokkas
  7 ball pythons
  6 bats
  2 frilled lizards (D:2)
  A jackal zombie (D:5)
  A quokka zombie (D:6)
  9 rats
  3 fungi (Lair:6)
  A plant (D:10)
536 creatures vanquished.

Vanquished Creatures (others)
  150 flying weapons
  A worker ant (D:5)
  A gnoll (D:8)
  An adder (D:5)
  2 orcs (D:5)
  A jackal (D:5)
  6 fungi
  8 plants
170 creatures vanquished.

Grand Total: 706 creatures vanquished

Notes
Turn   | Place    | Note
-------+----------+-------------------------------------------
     0 | D:1      | sinon the Ghoul Monk began the quest for the Orb.
     0 | D:1      | Reached XP level 1. HP: 19/19 MP: 0/0
   344 | D:1      | Reached XP level 2. HP: 26/26 MP: 1/1
   740 | D:2      | Learned a level 1 spell: Confusing Touch
   785 | D:2      | Reached skill level 1 in Hexes
   789 | D:2      | Reached XP level 3. HP: 24/31 MP: 2/2
   929 | D:2      | Reached XP level 4. HP: 16/38 MP: 1/3
  1665 | D:3      | Found a white marble altar of Elyvilon.
  1673 | D:3      | Found a glowing golden altar of the Shining One.
  1673 | D:3      | Found a snail-covered altar of Cheibriados.
  1673 | D:3      | Found a shadowy altar of Dithmenos.
  1675 | D:3      | Found an iron altar of Okawaru.
  1752 | D:3      | Noticed wazuzu's ghost (amateur VSMo)
  1801 | D:3      | Reached XP level 5. HP: 45/45 MP: 4/4
  1874 | D:3      | Found Gozag's Platinum Reserve.
  1879 | D:3      | Found an opulent altar of Gozag.
  2195 | D:4      | Found Ykkuucoa's General Store.
  2357 | D:4      | Noticed a phantom
  2384 | D:4      | Killed a phantom
  2384 | D:4      | Reached skill level 4 in Fighting
  2384 | D:4      | Reached skill level 5 in Unarmed Combat
  2384 | D:4      | Reached XP level 6. HP: 42/51 MP: 1/5
  2926 | D:4      | Found a runed door.
  2935 | D:4      | Noticed Crazy Yiuf
  2950 | D:4      | Killed Crazy Yiuf
  3066 | D:5      | Entered Level 5 of the Dungeon
  3118 | D:5      | Reached skill level 5 in Fighting
  3142 | D:5      | Found a staircase to the Ecumenical Temple.
  3150 | Temple   | Entered the Ecumenical Temple
  3158 | Temple   | Became a worshipper of Ieoh Jian the Bladed Council
  3158 | Temple   | Reached * piety under Ieoh Jian
  3158 | Temple   | Reached ** piety under Ieoh Jian
  3248 | D:5      | Learned a level 1 spell: Animate Skeleton
  3361 | D:5      | Reached XP level 7. HP: 54/61 MP: 2/6
  3461 | D:5      | Found a glowing drain.
  3486 | Sewer    | Entered a sewer
  3801 | Sewer    | Reached XP level 8. HP: 54/68 MP: 1/7
  4112 | Sewer    | Reached *** piety under Ieoh Jian
  4491 | D:5      | Found a shimmering altar of Xom.
  5542 | D:6      | Reached skill level 10 in Unarmed Combat
  5564 | D:6      | Found a hide-covered altar of Uskayaw.
  5564 | D:6      | Noticed a dagger
  5564 | D:6      | Noticed a hand axe
  5578 | D:6      | Noticed Prince Ribbit
  5925 | D:6      | Reached skill level 1 in Invocations
  6085 | D:7      | Reached skill level 1 in Armour
  6209 | D:7      | Reached **** piety under Ieoh Jian
  6602 | D:7      | Reached XP level 9. HP: 66/74 MP: 5/10
  6633 | D:7      | Identified the Reference Book on Damaging Ice
  6783 | D:7      | Reached skill level 1 in Axes
  6987 | D:7      | Identified Sif Muna's Tome of Enchantment
  7107 | D:6      | Killed Prince Ribbit
  7514 | D:3      | Killed wazuzu's ghost
  7885 | D:8      | Reached skill level 5 in Axes
  8032 | D:8      | Reached ***** piety under Ieoh Jian
  8040 | D:8      | Reached skill level 5 in Armour
  8243 | D:8      | Found a radiant altar of Vehumet.
  8402 | D:8      | Reached XP level 10. HP: 81/81 MP: 6/11
  8813 | D:9      | Noticed Erolcha
  8833 | D:9      | Killed Erolcha
  9267 | D:10     | Entered Level 10 of the Dungeon
  9312 | D:10     | Noticed a gargoyle
  9319 | D:10     | Killed a gargoyle
  9471 | D:10     | Found a staircase to the Orcish Mines.
  9735 | D:10     | Reached skill level 10 in Axes
  9737 | D:10     | Reached ****** piety under Ieoh Jian
  9767 | D:10     | Upgraded the game from 0.20-a0-191-g0795697 to 0.20-a0-211-g4a6ff27
  9774 | D:10     | Noticed a hill giant
  9780 | D:10     | Killed a hill giant
 10078 | D:10     | Found a staircase to the Lair.
 10289 | Lair:1   | Entered Level 1 of the Lair of Beasts
 10588 | Lair:1   | Reached XP level 11. HP: 76/86 MP: 8/12
 10692 | Lair:1   | Noticed a six-headed hydra
 10705 | Lair:1   | Killed a six-headed hydra
 10934 | Lair:1   | Got a clouded ivory ring
 11729 | Lair:2   | Noticed an eight-headed hydra
 11730 | Lair:2   | Noticed a six-headed hydra
 11747 | Lair:2   | Killed a six-headed hydra
 11856 | Lair:2   | Found a hole to the Spider Nest.
 12071 | Lair:2   | Killed an eight-headed hydra
 12071 | Lair:2   | Reached skill level 10 in Armour
 12575 | Lair:3   | Reached skill level 6 in Fighting
 12579 | Lair:3   | Reached XP level 12. HP: 29/97 MP: 13/13
 12840 | Lair:3   | Reached skill level 7 in Fighting
 12926 | Lair:3   | Found a staircase to the Swamp.
 13003 | Lair:3   | Upgraded the game from 0.20-a0-211-g4a6ff27 to 0.20-a0-225-g9e35ab2
 13013 | Lair:3   | Reached skill level 8 in Fighting
 13495 | Lair:3   | Reached skill level 9 in Fighting
 13774 | Lair:3   | Upgraded the game from 0.20-a0-225-g9e35ab2 to 0.20-a0-228-g8a9253b
 14176 | Lair:4   | Reached skill level 10 in Fighting
 14372 | Lair:4   | Upgraded the game from 0.20-a0-228-g8a9253b to 0.20-a0-235-g8b3a786
 14749 | Lair:4   | Reached skill level 11 in Fighting
 14918 | Lair:5   | Identified the ring of Virtue {Str+2 SInv} (You found it on level 1 of the Lair of Beasts)
 15007 | Lair:5   | Noticed Nessos
 15034 | Lair:5   | Killed Nessos
 15130 | Lair:5   | Found a viscous altar of Jiyva.
 15130 | Lair:5   | Found a staircase to the Slime Pits.
 15415 | Lair:6   | Entered Level 6 of the Lair of Beasts
 15423 | Lair:6   | Noticed a six-headed hydra
 15437 | Lair:6   | Reached XP level 13. HP: 74/117 MP: 14/14
 15471 | Lair:6   | Reached skill level 12 in Fighting
 15813 | Lair:6   | Noticed Whaleporn's ghost (journeyman SpAs)
 15995 | Lair:6   | Found a shimmering altar of Xom.
 16028 | Lair:6   | Upgraded the game from 0.20-a0-235-g8b3a786 to 0.20-a0-253-g212d612
 16084 | Lair:6   | Killed Whaleporn's ghost
 16247 | Lair:6   | Reached skill level 13 in Fighting
 16794 | Lair:6   | Upgraded the game from 0.20-a0-253-g212d612 to 0.20-a0-260-g5dcb07a
 16838 | Lair:6   | Got a glittering ruby amulet
 16864 | Lair:6   | Identified the amulet "Setap" {Harm *Drain Stlth+} (You found it on level 6 of the Lair of Beasts)
 17145 | D:11     | Noticed Erica
 17151 | D:11     | Killed Erica
 17434 | D:11     | Reached skill level 14 in Fighting
 17434 | D:11     | Reached XP level 14. HP: 132/132 MP: 15/15
 17875 | D:11     | Upgraded the game from 0.20-a0-260-g5dcb07a to 0.20-a0-264-gaba7314
 18123 | D:12     | Noticed Harold
 18354 | D:12     | Killed Harold
 18644 | D:12     | Found a roughly hewn altar of Beogh.
 18767 | D:13     | Found Yguzyu's Gadget Shoppe.
 19391 | D:13     | Killed from afar by an orc sorcerer

Vault maps used:
D:1:      evilmike_arrival_plus
D:2:      first_bread, serial_bayou_lagoon_b
D:3:      grunt_temple_overflow_open, nicolae_gozag_zags_fifth_avenue
D:4:      serial_shops, shop, uniq_crazy_yiuf_cottage
D:5:      xom_confusion_cloud, portal_sewer_entry_f, guppyfry_early_orc_mine
D:6:      dancing_weapons_uskayaw, uniq_prince_ribbit1
D:7:      minmay_blocky_corners
D:8:      fiery_altar_vehumet
D:9:      blue_anna_alchemist, uniq_erolcha
D:10:     grunt_lair_entry_orc_guard_hut, hiddenorc2_lemuel
D:11:     uniq_erica
D:12:     uniq_harold
D:13:     grunt_vaults_entry_fortified, serial_shops, shop
Temple:   eino_narrow_crystal_temple
Lair:1:   minivault_23, lemuel_fruit_fields
Lair:2:   spider_nest_entry_webs, serial_bayou, serial_bayou_pond_b,
          serial_bayou_pond_a, serial_bayou_shore_b, serial_bayou_shore_b,
          serial_bayou_pond_c, serial_bayou_pond_e, infiniplex_staircase_pool_2
Lair:3:   nicolae_swamp_entry_splash_gauntlet
Lair:4:   zaba_anthole, lemuel_fruit_fields
Lair:5:   dpeg_slime_entry_enclosed_altar, uniq_nessos
Lair:6:   grunt_lair_end_beastmaster, basic_altar, st_stairs_11
Sewer:    sewer_co_tree

Skill      XL: |  1  2  3  4  5  6  7  8  9 10 11 12 13 14 |
---------------+-------------------------------------------+-----
Unarmed Combat | 4 5 6 8 10 | 10.1
Hexes          | 1 2 3 |  3.0
Fighting       | 4 5 6 11 14 | 14.5
Invocations    | 3 4 |  4.8
Armour         | 2 5 8 10 12 | 12.9
Axes           | 7 10 12 | 12.8
Dodging        | |  2.6
Stealth        | |  2.1

Action                   |  1- 3 |  4- 6 |  7- 9 | 10-12 | 13-15 || total
-------------------------+-------+-------+-------+-------+-------++-------
Melee: Unarmed           |    58 |   169 |   223 |   119 |    30 ||   599
       Punch             |     1 |     6 |    15 |    39 |    34 ||    95
       Dagger            |       |     5 |    60 |    12 |     9 ||    86
       Short sword       |       |     1 |     6 |       |       ||     7
       Quarterstaff      |       |       |    53 |    90 |       ||   143
       Bardiche          |       |       |     2 |       |    20 ||    22
       Lajatang          |       |       |     7 |     2 |     9 ||    18
       Battleaxe         |       |       |     5 |       |   131 ||   136
       Halberd           |       |       |     3 |       |       ||     3
       Hand axe          |       |       |     2 |   110 |       ||   112
       Whip              |       |       |       |    26 |       ||    26
       Rapier            |       |       |       |     5 |     5 ||    10
       Great sword       |       |       |       |    12 |    11 ||    23
       Broad axe         |       |       |       |   229 |   220 ||   449
       War axe           |       |       |       |    20 |       ||    20
       Mace              |       |       |       |    10 |    18 ||    28
       Demon whip        |       |       |       |    24 |       ||    24
       Quick blade       |       |       |       |     6 |     2 ||     8
       Morningstar       |       |       |       |     9 |     5 ||    14
       Falchion          |       |       |       |     2 |    14 ||    16
       Executioner's axe |       |       |       |    14 |    16 ||    30
       Triple sword      |       |       |       |     7 |       ||     7
       Eveningstar       |       |       |       |     4 |    33 ||    37
       Dire flail        |       |       |       |     4 |     9 ||    13
       Long sword        |       |       |       |     3 |    12 ||    15
       Scimitar          |       |       |       |     2 |    16 ||    18
       Great mace        |       |       |       |     2 |     3 ||     5
       Glaive            |       |       |       |     1 |     7 ||     8
       Demon blade       |       |       |       |     1 |       ||     1
       Scythe            |       |       |       |       |     9 ||     9
       Spear             |       |       |       |       |     8 ||     8
       Flail             |       |       |       |       |     5 ||     5
       Trident           |       |       |       |       |     8 ||     8
Throw: Stone             |     1 |    20 |    27 |       |       ||    48
       Tomahawk          |       |       |     7 |    22 |     9 ||    38
       Throwing net      |       |       |       |       |     3 ||     3
 Cast: Confusing Touch   |     2 |    25 |    13 |     4 |       ||    44
       Animate Skeleton  |       |       |     1 |       |       ||     1
Invok: Project Weapon    |       |     4 |    49 |    30 |     3 ||    86
       Recall Weapon     |       |       |     1 |       |       ||     1
Evoke: Wand              |       |       |       |    10 |     9 ||    19
  Use: Scroll            |       |     7 |    11 |     9 |     6 ||    33
       Potion            |       |       |       |       |     3 ||     3
 Stab: Sleeping          |     2 |     6 |       |       |       ||     8
       Confused          |       |    11 |     3 |     2 |       ||    16
       Distracted        |       |       |       |     2 |     1 ||     3
       Petrifying        |       |       |       |     1 |       ||     1
       Invisible         |       |       |       |       |     6 ||     6
       Paralysed         |       |       |       |       |     4 ||     4
  Eat: Chunk             |     3 |    12 |    30 |    58 |    46 ||   149
       Meat ration       |       |     1 |       |       |       ||     1
       Beef jerky        |       |       |     1 |       |       ||     1
Armor: Robe              |     6 |    11 |    33 |       |       ||    50
       Scale mail        |       |       |    37 |   137 |   184 ||   358
Dodge: Dodged            |    23 |    92 |   204 |   423 |   508 ||  1250
Block: Other             |       |       |       |    69 |       ||    69
       Rpst.: Great sword |       |       |       |     4 |     6 ||    10
       Triple sword      |       |       |       |     1 |       ||     1
       Falchion          |       |       |       |       |     3 ||     3
       Long sword        |       |       |       |       |     3 ||     3
       Scimitar          |       |       |       |       |     3 ||     3
